 Dungeon Crawl Stone Soup version 0.30.2 (webtiles) character file.

Game seed: 2991755510885533916

398 OneEyedBunny the Caller (level 6, -11/32 HPs)
             Began as a Deep Elf Summoner on Feb 16, 2024.
             Killed by an exploding themself (32 damage)
             ... ignited by their inner flame
             ... on level 3 of the Dungeon.
             The game lasted 00:23:08 (2560 turns).

OneEyedBunny the Caller (Deep Elf Summoner)         Turns: 2560, Time: 00:23:08

Health: -11/32     AC:  6    Str:  5    XL:     6   Next: 53%
Magic:  3/15       EV: 14    Int: 22    God:
Gold:   100        SH:  0    Dex: 15    Spells: 4/15 levels left

rFire   . . .        p - +8 sling of Jageim {drain, rN+}
rCold   . . .        (no shield)
rNeg    + . .        a - +0 robe
rPois   .            (no helmet)
rElec   .            t - +2 cloak {Will+}
rCorr   .            g - +0 pair of gloves
SInv    .            (no boots)
Will    +....        (no amulet)
Stlth   +++          (no ring)
HPRegen 0.25/turn    (no ring)
MPRegen 0.14/turn

%: no passive effects
@: no status effects
A: no striking features
a: no special abilities


You were on level 3 of the Dungeon.
You visited 1 branch of the dungeon, and saw 3 of its levels.

You collected 100 gold pieces.

Inventory:

Hand Weapons
 e - a +0 whip
 o - a +4 quarterstaff of chaos
 p - the +8 sling of Jageim (weapon) {drain, rN+}
   (You found it on level 2 of the Dungeon)

   rN:        It protects you from negative energy.
Missiles
 b - 8 poisoned darts
 i - 7 stones
 m - 4 datura-tipped darts
Armour
 a - a +0 robe (worn)
 g - a +0 pair of gloves (worn)
 t - a +2 cloak of willpower (worn)
Wands
 s - a wand of light (4)
Scrolls
 f - a scroll of fear {unknown}
 h - 2 scrolls of noise
 j - a scroll of blinking {unknown}
 k - a scroll of torment
 l - 2 scrolls of poison {unknown}
 n - a scroll of acquirement {unknown}
Potions
 c - 2 potions of curing
 d - a potion of brilliance {unknown}
 q - a potion of heal wounds
 r - a potion of might {unknown}
 u - 2 potions of haste {unknown}


   Skills:
 + Level 4.7 Dodging
 + Level 4.9 Stealth
 + Level 5.2 Spellcasting
 + Level 5.8 Summonings


You had 4 spell levels left.
You knew the following spells:

 Your Spells              Type           Power      Damage    Failure   Level
a - Summon Small Mammal   Summ           100%       N/A       1%          1
b - Call Canine Familiar  Summ           31%        N/A       2%          3
c - Summon Guardian Gole  Hex/Summ       18%        N/A       9%          3
d - Summon Lightning Spi  Summ/Air       18%        N/A       30%         4

Your spell library contained the following spells:

 Spells                   Type           Power      Damage    Failure   Level
 Call Imp                 Summ           62%        N/A       1%          2


Dungeon Overview and Level Annotations

Branches:
Dungeon (3/15)

Altars:

Annotations:
D:3 Robin


Message History

Casting: Summon Lightning Spire (extremely dangerous; 30% risk of failure)
Confirm with . or Enter, or press ? or * to list all spells.
Your hound disappears in a puff of smoke!
The goblin no longer looks unusually strong.
Robin hits your rat with a +0 dagger. The goblin barely misses your rat.
The goblin hits you with a +0 dagger.
Your rat barely misses the goblin.
You shoot a sling bullet.
The sling bullet barely misses the goblin.
Robin roars a battlecry!
The goblin goes into a battle-frenzy!
The goblin barely misses your rat. The goblin hits you with a +0 dagger.
Your rat bites Robin but does no damage.
Robin roars a battlecry!
The goblin hits you but does no damage.
The goblin hits your rat with a +0 club.
Your rat dies!
Your rat's corpse disappears in a puff of smoke!
A goblin comes into view. It is wielding a +0 dagger.
You shoot a sling bullet.
The sling bullet barely misses the goblin.
Your guardian golem is no longer blind.
The goblin hits your guardian golem with a +0 club.
The goblin barely misses you.
Your guardian golem overheats!
You shoot a sling bullet. The sling bullet hits the goblin.
You kill the goblin!
The goblin hits your guardian golem but does no damage. x2
The goblin hits your guardian golem with a +0 club.
Flame seeps out of your guardian golem.
The goblin hits your guardian golem but does no damage.
Your guardian golem is engulfed in blazing flames.
Your guardian golem disappears in a puff of smoke!
Your guardian golem explodes!
The fiery explosion engulfs the goblin!!!
The goblin dies!
The fiery explosion engulfs the goblin!!!
The goblin dies!
The fiery explosion engulfs you!!
Ouch! That really hurt!
You die...

.......# #...# #..#.# #........
.......######.# #>.#.####........
..............###..#....'........
####.<.............#...##........
#........)....................
###>......................))....
##......................^........
...#........).)#############...#.
...#.........g§°@.8h..... #.....
...#.........g########### #...#.
...#....))...)# #####.
......)))#.##.# #.
.......).#.##g# #.
...####..#...g)...g..
......#.)###......... ..###.#..#
#.......g. ......#..###...g..g..


You could see Robin (ally target), a goblin (strong), a friendly lightning spire
(summoned, sheltered) and a friendly hound (summoned, sheltered).

Vanquished Creatures
  An orc priest (D:3)
  Ijyb (D:3)
  3 gnolls (D:3)
  3 adders
  A dart slug (D:1)
  An orc (D:3)
  A bat (D:1)
  A giant cockroach (D:2)
  4 goblins
  A hobgoblin (D:2)
  A ball python (D:2)
18 creatures vanquished.

Vanquished Creatures (collateral kills)
  Natasha (thrice) (D:2)
  An orc wizard (D:3)
  5 gnolls (D:3)
  4 adders
  A worm (D:2)
  3 dart slugs
  2 orcs (D:3)
  A ball python (D:1)
  2 endoplasms (D:2)
  2 giant cockroaches
  6 hobgoblins
  5 kobolds
  2 quokkas
  2 bats (D:1)
  A frilled lizard (D:1)
  8 goblins
  4 rats
52 creatures vanquished.

Vanquished Creatures (others)
  Crazy Yiuf (D:3)
  3 goblins (D:3)
4 creatures vanquished.

Grand Total: 74 creatures vanquished

Notes
Turn   | Place    | Note
-------+----------+-------------------------------------------
     0 | D:1      | OneEyedBunny the Deep Elf Summoner began the quest for the
                  | Orb.
     0 | D:1      | Reached XP level 1. HP: 10/10 MP: 6/6
   274 | D:1      | Reached XP level 2. HP: 11/15 MP: 4/8
   835 | D:2      | Reached XP level 3. HP: 13/19 MP: 5/10
   993 | D:2      | Learned a level 3 spell: Call Canine Familiar
  1026 | D:2      | Noticed Natasha
  1058 | D:2      | Killed Natasha
  1059 | D:2      | Reached XP level 4. HP: 24/24 MP: 6/12
  1065 | D:2      | Found a faded altar of an unknown god.
  1089 | D:2      | Reached skill level 5 in Summonings
  1213 | D:2      | Noticed Natasha
  1221 | D:2      | Killed Natasha
  1231 | D:2      | Noticed Natasha
  1242 | D:2      | Killed Natasha
  1287 | D:2      | Identified the +8 sling of Jageim {drain, rN+}
  1353 | D:2      | Reached XP level 5. HP: 28/28 MP: 13/13
  1947 | D:3      | Learned a level 3 spell: Summon Guardian Golem
  1974 | D:3      | Reached XP level 6. HP: 32/32 MP: 1/15
  2091 | D:3      | Noticed Ijyb
  2097 | D:3      | Learned a level 4 spell: Summon Lightning Spire
  2106 | D:3      | Killed Ijyb
  2107 | D:3      | Reached skill level 5 in Spellcasting
  2320 | D:3      | Found a runed translucent door.
  2321 | D:3      | Noticed Crazy Yiuf
  2343 | D:3      | Killed Crazy Yiuf
  2537 | D:3      | Noticed Robin
  2560 | D:3      | Killed by an exploding themself... ignited by their inner
                  | flame

Illustrated notes

Levels and vault maps discovered:
D:1:      grunt_arrival_lava_bath, layout_loops_ring
D:2:      layout_loops_ring, hellmonk_ecumenical_altar_blasted,
          nrook_mini_vaults, hex_medium, serial_bayou_crossing, uniq_natasha
D:3:      layout_basic, uniq_crazy_yiuf_cottage, uniq_robin, uniq_ijyb,
          uniq_jessica

Skill      XL: |  1  2  3  4  5  6 |
---------------+-------------------+-----
Stealth        | 3 4 |  4.9
Dodging        | 3 4 |  4.7
Spellcasting   | 4 5 |  5.2
Summonings     | 5 |  5.8

Action                     |  1- 3 |  4- 6 || total
---------------------------+-------+-------++-------
  Melee: Whip              |    12 |     2 ||    14
         Unarmed           |     2 |       ||     2
   Fire: Sling             |       |    37 ||    37
  Throw: Stone             |       |     2 ||     2
   Cast: Summon Small Mamm |    49 |    27 ||    76
         Call Canine Famil |     4 |    13 ||    17
         Summon Guardian G |       |     6 ||     6
         Summon Lightning  |       |     1 ||     1
    Use: Scroll            |     2 |     1 ||     3
         Potion            |     1 |     1 ||     2
 Armour: Robe              |     8 |     4 ||    12
  Dodge: Dodged            |    11 |    11 ||    22
